 Dungeon Crawl Stone Soup version 0.28.0-49-g6dfe1f597d (webtiles) character file.

Game seed: 17380516496905277235

51 unlimited1921 the Digger (level 3, -2/20 HPs)
             Began as a Gargoyle Earth Elementalist on May 17, 2022.
             Slain by Terence
             ... wielding a +1 mace of draining
              (10 damage)
             ... on level 2 of the Dungeon.
             The game lasted 00:08:52 (3645 turns).

unlimited1921 the Digger (GrEE)                     Turns: 3645, Time: 00:08:53

Health: -2/20      AC:  9    Str: 11    XL:     3   Next: 81%
Magic:  0/7        EV: 10    Int: 17    God:
Gold:   109        SH:  0    Dex: 10    Spells: 3/7 levels left

rFire   . . .      SeeInvis .   h - +0 mace
rCold   . . .      Faith    .   (no shield)
rNeg    + + +      Spirit   .   p - +1 ring mail of the Hanged Man {Harm *Corrode +Blink rN+++}
rPois   ∞          Reflect  .   (no helmet)
rElec   +          Harm     +   r - scarf {shadows}
rCorr   .          Rampage  .   (no gloves)
Will    .....                   (no boots)
Stlth   +.........              (no amulet)
HPRegen 0.06/turn               (no ring)
MPRegen 0.10/turn               (no ring)

@: no status effects
A: sickness immunity, AC +3, negative energy resistance 1, electricity
resistance, torment resistance 1, petrification resistance
a: Evoke Blink


You were on level 2 of the Dungeon.
You visited 1 branch of the dungeon, and saw 3 of its levels.

You collected 109 gold pieces.

Inventory:

Hand Weapons
 g - a +0 dagger
 h - a +0 mace (weapon)
 k - a +2 dagger of protection
 l - a +0 short sword
Missiles
 c - 76 stones
 e - 19 sling bullets
 j - 24 bolts
Armour
 a - a +0 scale mail
 b - a +0 robe
 p - the +1 ring mail of the Hanged Man (worn) {Harm *Corrode +Blink rN+++}
   (You found it on level 2 of the Dungeon)

   rN:        It renders you almost immune to negative energy.
   +Blink:    It lets you blink.
   *Corrode:  It may corrode you when you take damage.
   Harm:      It increases damage dealt and taken.
 r - a scarf of shadows (worn)
Jewellery
 n - a ring of ice
 s - a ring of positive energy
Scrolls
 d - a scroll of summoning {unknown}
 f - a scroll of teleportation {unknown}
 m - a scroll of blinking {unknown}
 q - a scroll of magic mapping {unknown}
Potions
 i - 2 potions of curing {unknown}
 o - a potion of mutation {unknown}


   Skills:
 * Level 1.2 Fighting
 + Level 1.7 Dodging
 + Level 2.3 Stealth
 + Level 2.7 Spellcasting
 * Level 1.0 Transmutations
 + Level 4.3 Earth Magic


You had 3 spell levels left.
You knew the following spells:

 Your Spells              Type           Power      Damage    Failure   Level
a - Sandblast             Erth           34%        2d9       8%          1
b - Stone Arrow           Conj/Erth      18%        3d8       47%         3

Your spell library contained the following spells:

 Spells                   Type           Power      Damage    Failure   Level
 Passwall                 Tmut/Erth      9%         N/A       22%         2
 Petrify                  Tmut/Erth      11%        N/A       82%         4


Dungeon Overview and Level Annotations

Branches:
Dungeon (3/15)

Altars:

Annotations:
D:2 Terence


Innate Abilities, Weirdness & Mutations

You are immune to sickness and miasma.
Your stone body is resilient. (AC +3)
You are immune to poison.
You resist negative energy. (rN+)
You are resistant to electric shocks. (rElec)
You are resistant to unholy torment.
You are immune to petrification.


Message History

The blast of sand misses Terence.
Terence hits you but does no damage.
Casting: Sandblast (safe; 8% risk of failure)
Confirm with . or Enter, or press ? or * to list all spells.
Aiming: Sandblast (safe; 8% risk of failure)
Press: ? - help, Shift-Dir - straight line, f/p - Terence
Aim: Terence, wielding a +1 mace of draining and wearing a +0 chain mail (lightly wounded, 85% to hit)
The blast of sand hits Terence but does no damage.
Terence is lightly wounded.
Terence closely misses you.
Casting: Sandblast (safe; 8% risk of failure)
Confirm with . or Enter, or press ? or * to list all spells.
Aiming: Sandblast (safe; 8% risk of failure)
Press: ? - help, Shift-Dir - straight line, f/p - Terence
Aim: Terence, wielding a +1 mace of draining and wearing a +0 chain mail (lightly wounded, 85% to hit)
You miscast Sandblast.
Nothing appears to happen.
Terence hits you with a +1 mace of draining.
Casting: Sandblast (safe; 8% risk of failure)
Confirm with . or Enter, or press ? or * to list all spells.
Aiming: Sandblast (safe; 8% risk of failure)
Press: ? - help, Shift-Dir - straight line, f/p - Terence
Aim: Terence, wielding a +1 mace of draining and wearing a +0 chain mail (lightly wounded, 85% to hit)
The blast of sand hits Terence but does no damage.
Terence is lightly wounded.
Terence hits you but does no damage.
There is a stone staircase leading up here.
Terence barely misses you.
You climb upwards.
There is a stone staircase leading down here.
Terence misses you.
Your magical contamination has completely faded away.
Casting: Sandblast (safe; 8% risk of failure)
Confirm with . or Enter, or press ? or * to list all spells.
Aiming: Sandblast (safe; 8% risk of failure)
Press: ? - help, Shift-Dir - straight line, f - Terence
Aim: Terence, wielding a +1 mace of draining and wearing a +0 chain mail (lightly wounded, 85% to hit)
The blast of sand hits Terence but does no damage.
Terence is lightly wounded.
Terence hits you with a +1 mace of draining!
Ouch! That really hurt!
You die...

### ####### #.#
#...... #####>#
#...†..
#.@...######......
#@#.#..##.##......
#.#....##..#......
#.................
###..#.....#......
#####.>#..#..##..###
#......#...........#
#................#.#
#..#.............#.#
#................#.#


You could see Terence.

Vanquished Creatures
  An adder (D:2)
  2 worms (D:2)
  A ball python (D:1)
  3 endoplasms
  2 giant cockroaches
  5 goblins
  3 hobgoblins
  2 jackals (D:3)
  3 quokkas (D:1)
  4 frilled lizards
  6 kobolds
  A rat (D:2)
33 creatures vanquished.

Notes
Turn   | Place    | Note
-------+----------+-------------------------------------------
     0 | D:1      | unlimited1921 the Gargoyle Earth Elementalist began the
                  | quest for the Orb.
     0 | D:1      | Reached XP level 1. HP: 10/10 MP: 3/3
   455 | D:1      | Reached XP level 2. HP: 15/15 MP: 3/5
   518 | D:1      | Reached skill level 4 in Earth Magic
  1281 | D:1      | Found a faded altar of an unknown god.
  2131 | D:2      | Reached XP level 3. HP: 17/19 MP: 2/6
  2706 | D:2      | Learned a level 3 spell: Stone Arrow
  2879 | D:2      | Identified the +1 ring mail of the Hanged Man {Harm
                  | *Corrode +Blink rN+++}
  2902 | D:2      | Reached skill level 1 in Fighting
  3072 | D:2      | Reached skill level 1 in Transmutations
  3619 | D:3      | Noticed Terence
  3645 | D:2      | Slain by Terence

Illustrated notes

Levels and vault maps discovered:
D:1:      dpeg_arrival_erosion, layout_loops_cross,
          hellmonk_ecumenical_altar_prayer_group
D:2:      layout_basic
D:3:      layout_loops_ring, nicolae_hepliaklqana_hazy_memory,
          supply_closet_lemuel, uniq_terence

Skill      XL: |  1  2  3 |
---------------+----------+-----
Earth Magic    | 4 |  4.3
Fighting       | 1 |  1.2
Transmutations | 1 |  1.0
Dodging        | |  1.7
Stealth        | |  2.3
Spellcasting   | |  2.7

Action                   || total
-------------------------++-------
 Cast: Sandblast         ||    49
Armor: Ring mail         ||     5
Dodge: Dodged            ||    10
